 Dungeon Crawl Stone Soup version 0.20.1-1-g8b1a95d (webtiles) character file.

1406 equalderp2856 the Chopper (level 8, -8/62 HPs)
             Began as a Mummy Fighter on Oct 23, 2017.
             Mangled by an orc warrior
             ... wielding a +0 dire flail
              (13 damage)
             ... on level 5 of the Dungeon.
             The game lasted 00:09:41 (7108 turns).

equalderp2856 the Chopper (Mummy Fighter)           Turns: 7108, Time: 00:09:41

Health: -8/62      AC: 11    Str: 20    XL:     8   Next: 42%
Magic:  8/8        EV:  8    Int:  9    God:
Gold:   132        SH: 10    Dex: 11    Spells: 7/7 levels left

rFire    x . .     SeeInvis .   a - +0 war axe
rCold    + . .     Gourm    .   r - +1 shield {rPois}
rNeg     + + +     Faith    .   b - +0 scale mail
rPois    ∞         Spirit   .   g - +1 hat
rElec    .         Reflect  .   l - scarf {cloud immunity}
rCorr    .         Harm     .   o - +0 pair of gloves
MR       +....                  p - +1 pair of boots
Stlth    ..........             (no amulet)
Regen    0.2/turn               (no ring)
MPRegen  0.2/turn               (no ring)

@: no status effects
A: no food or potions, fire vulnerability, cold resistance 1, negative energy
resistance 3, torment resistance, unbreathing
a: no special abilities


You were on level 5 of the Dungeon.
You were not hungry.

You visited 1 branch of the dungeon, and saw 5 of its levels.

You collected 132 gold pieces.

Inventory:

Hand Weapons
 a - a +0 war axe (weapon)
 n - a +0 trident of venom
Armour
 b - a +0 scale mail (worn)
 c - a +0 shield
 g - a +1 hat (worn)
 l - a scarf of cloud immunity (worn)
 o - a +0 pair of gloves (worn)
 p - a +1 pair of boots (worn)
 r - a +1 shield of poison resistance (worn)
Scrolls
 d - 3 scrolls of identify
 e - a scroll of remove curse
 f - a scroll of noise {unknown}
 h - a scroll of amnesia
 i - a scroll of enchant armour {unknown}
 j - a scroll of recharging {unknown}
 k - 2 scrolls of teleportation
 m - a scroll of fear {unknown}
 q - a scroll of fog {unknown}


   Skills:
 + Level 5.0 Fighting
 + Level 5.6 Axes
 + Level 4.4 Armour
 + Level 2.1 Dodging
 + Level 4.3 Shields


You had 7 spell levels left.
You didn't know any spells.

Dungeon Overview and Level Annotations

Branches:
Dungeon (5/15)
 Temple: D:4-7

Altars:


Innate Abilities, Weirdness & Mutations

You do not eat or drink.
Your flesh is vulnerable to fire.
You are immune to poison.
Your flesh is cold resistant. (rC+)
You are immune to negative energy. (rN+++)
You are immune to unholy pain and torment.
You can survive without breathing.


Message History

You hit the worker ant.
The worker ant is lightly wounded.
You hit the orc warrior. You block the orc warrior's attack.
The worker ant bites you.
* * * LOW HITPOINT WARNING * * *
The orc warrior hits you with a dire flail!
* * * LOW HITPOINT WARNING * * *
As you read the scroll labeled JEITZE HANLI, it crumbles to dust.
It is a scroll of identify.
k - 2 scrolls of teleportation The worker ant bites you but does no damage.
As you read the scroll labeled YPPERA CIHO, it crumbles to dust.
You feel blessed for a moment.
It was a scroll of remove curse.
The worker ant bites you but does no damage.
You block the orc warrior's attack.
As you read the scroll labeled NOTZUU UMUGH, it crumbles to dust.
It is a scroll of amnesia.
You feel forgetful for a moment. The worker ant closely misses you.
The orc warrior hits you with a dire flail!
You die...

#...# #.#...#.###.#
#...# #.......<##.###
#...#######
#.#............
#..........
#.##.#...#..###
#..######## #
#.##.##..... #..# #####
.....##.#### #..## #...
......# .#
##...#####.######...###
.# #.........Yo@a.g...#
.# ##...#####.######...
.# ##..# #.# ##.# #.#
#.# #.# #.#####.#
##.#...... #.......#.
#......... #..#


You could see a yak, an orc warrior, a worker ant and a gnoll.

Vanquished Creatures
  2 yaks
  3 ice beasts
  A centaur (D:5)
  An ogre (D:4)
  A gnoll sergeant (D:4)
  A scorpion (D:5)
  A howler monkey (D:4)
  A bullfrog zombie (D:5)
  A quasit (D:5)
  2 hounds
  An orc priest (D:5)
  A centaur skeleton (D:4)
  5 worker ants
  A hound zombie (D:5)
  6 gnolls
  5 adders
  A shadow imp (D:5)
  An adder zombie (D:5)
  3 worms
  2 dart slugs
  A leopard gecko (D:4)
  14 orcs
  7 giant cockroaches
  5 goblins
  6 hobgoblins
  3 jackals (D:4)
  7 kobolds
  A quokka (D:4)
  3 ball pythons
  5 bats
  4 frilled lizards
  A jackal skeleton (D:4)
  A quokka skeleton (D:4)
  9 rats
107 creatures vanquished.

Notes
Turn   | Place    | Note
-------+----------+-------------------------------------------
     0 | D:1      | equalderp2856 the Mummy Fighter began the quest for the Orb.
     0 | D:1      | Reached XP level 1. HP: 18/18 MP: 1/1
   143 | D:1      | Reached XP level 2. HP: 17/24 MP: 2/2
  1125 | D:2      | Reached XP level 3. HP: 29/29 MP: 3/3
  1840 | D:2      | Reached XP level 4. HP: 31/35 MP: 4/4
  2465 | D:3      | Found a faded altar of an unknown god.
  2904 | D:4      | Reached skill level 1 in Dodging
  2905 | D:4      | Reached XP level 5. HP: 17/41 MP: 5/5
  3173 | D:4      | Noticed an ogre
  3703 | D:4      | Reached XP level 6. HP: 24/48 MP: 6/6
  4150 | D:5      | Entered Level 5 of the Dungeon
  4173 | D:5      | Noticed an ice beast
  4689 | D:5      | Reached XP level 7. HP: 15/54 MP: 7/7
  6015 | D:5      | Reached skill level 5 in Axes
  6016 | D:5      | Noticed a yak
  6016 | D:5      | Noticed a yak
  6016 | D:5      | Noticed a yak
  6017 | D:5      | Noticed a yak
  6025 | D:5      | Noticed a yak
  6042 | D:5      | Killed a yak
  6042 | D:5      | Reached XP level 8. HP: 20/61 MP: 8/8
  6666 | D:4      | Reached skill level 5 in Fighting
  7108 | D:5      | Mangled by an orc warrior

Skill      XL: |  1  2  3  4  5  6  7  8 |
---------------+-------------------------+-----
Axes           | 2 3 4 5 |  5.6
Armour         | 3 4 |  4.4
Dodging        | 1 2 |  2.1
Shields        | 3 4 |  4.3
Fighting       | 4 5 |  5.0

Action                   |  1- 3 |  4- 6 |  7- 9 || total
-------------------------+-------+-------+-------++-------
Melee: War axe           |   126 |   248 |   180 ||   554
  Use: Scroll            |       |       |     3 ||     3
Armor: Scale mail        |    68 |   176 |    64 ||   308
Dodge: Dodged            |    43 |   105 |    55 ||   203
Block: Shield            |    62 |   170 |    88 ||   320
